 Dungeon Crawl Stone Soup version 0.29.1-1-gd02db6906a (webtiles) character file.

Game seed: 4166290858541384028

169 hikkokomori the Sneak (level 5, -1/35 HPs)
             Began as an Octopode Earth Elementalist on Oct 6, 2022.
             Slain by Natasha (6 damage)
             ... on level 3 of the Dungeon.
             The game lasted 00:05:38 (2611 turns).

hikkokomori the Sneak (Octopode Earth Elementalist) Turns: 2611, Time: 00:05:39

Health: -1/35      AC:  1    Str:  7    XL:     5   Next: 50%
Magic:  1/8        EV: 13    Int: 18    God:
Gold:   189        SH:  0    Dex: 14    Spells: 7/8 levels left

rFire   . . .      SeeInvis .   d - +0 dagger
rCold   . . .      Faith    .   r - orb {mayhem}
rNeg    . . .      Spirit   .   (helmet restricted)
rPois   .          Reflect  .   (no amulet)
rElec   .          Harm     .   (no ring)
rCorr   .          Rampage  .   (no ring)
Will    .....                   (no ring)
Stlth   ++++......              (no ring)
HPRegen 0.11/turn               (no ring)
MPRegen 0.11/turn               (no ring)
                                (no ring)
                                (no ring)

@: weak-willed, slowed, very slow
A: almost no armour, amphibious, 8 rings, camouflage 1, gelatinous body 1,
(nimble swimmer 1), tentacles
a: no special abilities


You were on level 3 of the Dungeon.
You visited 1 branch of the dungeon, and saw 3 of its levels.

You collected 189 gold pieces.

Inventory:

Hand Weapons
 d - a +0 dagger (weapon)
Armour
 e - a +0 buckler
 r - an orb of mayhem (worn)
Scrolls
 c - 7 scrolls of identify {unknown}
 l - a scroll of vulnerability
 m - a scroll of amnesia {unknown}
 n - a scroll of poison {unknown}
 p - a scroll of torment {unknown}
 t - a scroll of blinking {unknown}
Potions
 a - a potion of magic
 b - 3 potions of mutation {unknown}
 f - a potion of invisibility {unknown}
 g - 3 potions of attraction {unknown}
 h - a potion of haste {unknown}
 i - a potion of might {unknown}
 j - 2 potions of degeneration {unknown}
 k - 2 potions of berserk rage {unknown}
 o - a potion of curing
 q - 2 potions of lignification {unknown}
 s - a potion of cancellation {unknown}
 u - 2 potions of brilliance {unknown}


   Skills:
 + Level 2.6 Fighting
 - Level 2.0 Dodging
 + Level 5.0 Stealth
 - Level 2.0 Spellcasting
 - Level 1.0 Transmutations
 + Level 4.2 Earth Magic


You had 7 spell levels left.
You knew the following spells:

 Your Spells              Type           Power      Damage    Failure   Level
a - Sandblast             Erth           34%        2d9       3%          1

Your spell library contained the following spells:

 Spells                   Type           Power      Damage    Failure   Level
 Passwall                 Tmut/Erth      9%         N/A       10%         2
 Beastly Appendage        Tmut           10%        N/A       12%         1
 Wereblood                Tmut           5%         N/A       19%         2
 Stone Arrow              Conj/Erth      18%        3d8       22%         3
 Blink                    Tloc           2%         N/A       26%         2
 Spider Form              Tmut/Pois      3%         N/A       41%         3
 Lesser Beckoning         Tloc           1%         N/A       47%         3
 Petrify                  Tmut/Erth      11%        N/A       52%         4
 Manifold Assault         Tloc           1%         N/A       99%         5


Dungeon Overview and Level Annotations

Branches:
Dungeon (3/15)

Altars:

Shops:
D:3 :

Annotations:
D:3 Natasha


Innate Abilities, Weirdness & Mutations

You cannot wear most types of armour.
You are amphibious.
You can wear up to eight rings at the same time.
Your skin changes colour to match your surroundings (Stealth+).
Your rubbery body absorbs attacks. (AC +1, EV +1)
((You are camouflaged when in or above water. (Stealth+)))
You have tentacles for arms and can constrict up to eight enemies at once.


Message History

Robin misses you.
Robin hits something from afar with a +0 trident.
A goblin comes into view. It is wielding a +0 club.
Unknown command.
Casting: Sandblast (safe; 3% risk of failure)
Confirm with . or Enter, or press ? or * to list all spells.
Aiming: Sandblast (safe; 3% risk of failure)
Press: ? - help, Shift-Dir - straight line, f/p - Robin
Aim: Robin, wielding a +0 trident, wearing a +0 animal skin and wearing a +2 helmet (almost dead, fast, strong, frenzied and insane, not watching you, weak-willed, 87% to hit)
The blast of sand hits Robin!
You kill Robin!
The goblin flies into a frenzy!
Natasha casts a spell at you.
You feel yourself slow down.
Your Stealth skill increases to level 5!
Casting: Sandblast (safe; 3% risk of failure)
Confirm with . or Enter, or press ? or * to list all spells.
Aiming: Sandblast (safe; 3% risk of failure)
Press: ? - help, Shift-Dir - straight line, f - goblin
Aim: a goblin, wielding a +0 club (heavily wounded, fast, strong, frenzied and insane, 77% to hit)
The blast of sand hits the goblin!
You kill the goblin!
Natasha casts a spell at you. The magic dart hits you.
* * * LOW HITPOINT WARNING * * *
Items here: ))) †.
Casting: Sandblast (safe; 3% risk of failure)
Confirm with . or Enter, or press ? or * to list all spells.
Aiming: Sandblast (safe; 3% risk of failure)
Press: ? - help, Shift-Dir - straight line, f - Natasha
Aim: Natasha (weak-willed, 77% to hit)
The blast of sand hits Natasha!
Natasha is almost dead.
Natasha drinks a potion.
Natasha is healed!
Natasha stares at you and mumbles some strange words.
You resist with significant effort.
You closely miss Natasha. Your grab misses Natasha. You squeeze Natasha.
Natasha is heavily wounded.
Natasha claws you.
You die...

##### ########...#
...........# ########...#
## ###...###
..###.......###
#.#...........#
#>#h#.......#∩#
#.#@###...###.######
#.#)###(..###.......
#).......†..........
.g..g.)#.####..###....###
.)####.#.# ##.# #.#### #
#.#.# #.# #.# ..... ..#
#.# #.#.. #.# #.# ..#...
... ...


You could see Natasha (weak-willed).

Vanquished Creatures
  Jessica (D:3)
  Natasha (twice) (D:3)
  Robin (D:3)
  2 adders (D:2)
  A worm (D:2)
  2 dart slugs
  An orc (D:3)
  3 bats
  7 endoplasms
  A giant cockroach (D:1)
  8 goblins
  5 hobgoblins
  2 quokkas
  5 ball pythons
  4 frilled lizards (D:3)
  3 kobolds (D:2)
  5 rats
53 creatures vanquished.

Vanquished Creatures (collateral kills)
  4 goblins (D:3)
4 creatures vanquished.

Vanquished Creatures (others)
  A goblin (D:3)
1 creature vanquished.

Grand Total: 58 creatures vanquished

Notes
Turn   | Place    | Note
-------+----------+-------------------------------------------
     0 | D:1      | hikkokomori the Octopode Earth Elementalist began the quest
                  | for the Orb.
     0 | D:1      | Reached XP level 1. HP: 11/11 MP: 3/3
   179 | D:1      | Reached skill level 3 in Stealth
   179 | D:1      | Reached XP level 2. HP: 17/18 MP: 5/5
   499 | D:1      | Reached skill level 1 in Fighting
   883 | D:2      | Reached XP level 3. HP: 14/23 MP: 6/6
  1715 | D:2      | Identified the +1 robe "Ypicsoask" {rF+ Int+4}
  1895 | D:3      | Reached skill level 4 in Stealth
  1952 | D:3      | Reached XP level 4. HP: 25/29 MP: 7/7
  2312 | D:3      | Noticed Jessica
  2313 | D:3      | Noticed Natasha
  2314 | D:3      | Killed Jessica
  2326 | D:3      | Killed Natasha
  2327 | D:3      | Reached XP level 5. HP: 27/34 MP: 5/8
  2458 | D:3      | Found Gafoit's Book Emporium.
  2463 | D:3      | Noticed Natasha
  2473 | D:3      | Killed Natasha
  2591 | D:3      | Noticed Robin
  2603 | D:3      | Noticed Natasha
  2607 | D:3      | Killed Robin
  2608 | D:3      | Reached skill level 5 in Stealth
  2611 | D:3      | Slain by Natasha

Illustrated notes

Levels and vault maps discovered:
D:1:      dpeg_arrival_line_fractal, layout_basic
D:2:      layout_loops_cross, chequers_jeans, kennysheep_generic_room_14
D:3:      minmay_angry_zag, layout_loops_ring, serial_shops, shop,
          corner_web_ring, minmay_unequal, uniq_robin, uniq_jessica,
          uniq_natasha

Skill      XL: |  1  2  3  4  5 |
---------------+----------------+-----
Stealth        | 3 4 5 |  5.0
Fighting       | 1 2 |  2.6
Earth Magic    | 4 |  4.2
Dodging        | |  2.0
Spellcasting   | |  2.0
Transmutations | |  1.0

Action                   |  1- 3 |  4- 6 || total
-------------------------+-------+-------++-------
Melee: Unarmed           |     9 |       ||     9
       Constrict         |    16 |     7 ||    23
       Tentacles         |    10 |     9 ||    19
       Dagger            |    50 |    27 ||    77
 Cast: Sandblast         |     2 |    19 ||    21
  Use: Scroll            |       |     1 ||     1
 Stab: Sleeping          |    17 |     5 ||    22
       Distracted        |     1 |       ||     1
Armor: Skin              |     2 |     3 ||     5
Dodge: Dodged            |    18 |    28 ||    46
